 Dungeon Crawl Stone Soup version 0.29-a0-380-gf50f0a9fbc (webtiles) character file.

Game seed: 3507364905455204622

70 spaghetti the Ogre Mage (level 4, 0/39 HPs)
             Began as an Ogre Earth Elementalist on May 5, 2022.
             Slain by a gnoll
             ... wielding a +0 halberd
              (11 damage)
             ... on level 3 of the Dungeon.
             The game lasted 00:04:11 (2536 turns).

spaghetti the Ogre Mage (Ogre Earth Elementalist)   Turns: 2536, Time: 00:04:12

Health: 0/39       AC:  3    Str: 12    XL:     4   Next: 22%
Magic:  1/10       EV:  9    Int: 18    God:
Gold:   97         SH:  0    Dex:  9    Spells: 8/12 levels left

rFire   . . .      SeeInvis .   e - staff of conjuration {!a@e2staff}
rCold   . . .      Faith    .   (no shield)
rNeg    . . .      Spirit   .   b - +0 robe
rPois   .          Reflect  .   (helmet restricted)
rElec   .          Harm     .   (no cloak)
rCorr   .          Rampage  .   (gloves unavailable)
Will    .....                   (boots unavailable)
Stlth   +.........              (no amulet)
HPRegen 0.13/turn               (no ring)
MPRegen 0.12/turn               (no ring)

@: no status effects
A: large, unfitting armour, tough skin 1
a: no special abilities


You were on level 3 of the Dungeon.
You visited 1 branch of the dungeon, and saw 3 of its levels.

You collected 97 gold pieces.


Innate Abilities, Weirdness & Mutations

You are too large for most types of armour.
You have tough skin. (AC +1)


   Skills:
 - Level 1.7 Dodging
 - Level 1.4 Stealth
 + Level 4.9 Spellcasting
 - Level 0.8 Transmutations
 - Level 2.6 Earth Magic


You had 8 spell levels left.
You knew the following spells:

 Your Spells              Type           Power      Damage    Failure   Level
a - Sandblast             Erth           28%        2d8       4%          1
b - Stone Arrow           Conj/Erth      26%        3d8       22%         3

Your spell library contained the following spells:

 Spells                   Type           Power      Damage    Failure   Level
 Passwall                 Tmut/Erth      8%         N/A       10%         2
 Corpse Rot               Necr/Air       8%         N/A       21%         2
 Poisonous Vapours        Pois/Air       8%         N/A       21%         2
 Petrify                  Tmut/Erth      10%        N/A       54%         4

Inventory:

Hand Weapons
 f - a +0 club {mace}
   (You found it on level 1 of the Dungeon)
 h - a +0 short sword {short}
   (You found it on level 1 of the Dungeon)
 q - a +2 spear of venom {polearm}
   (You found it on level 3 of the Dungeon)
Missiles
 a - 76 stones {throwing}
 g - 8 poisoned darts {throwing}
 i - a throwing net {=f!fthrowing}
Armour
 b - a +0 robe (worn)
Magical Staves
 e - a staff of conjuration (weapon) {!a@e2staff}
   (You found it on level 1 of the Dungeon)
Scrolls
 k - 3 scrolls of identify {unknown}
 l - a scroll of fog {unknown}
 n - a scroll of teleportation {unknown}
 o - a scroll of enchant weapon {unknown}
Potions
 d - a potion of mutation {unknown}
 j - 3 potions of heal wounds {unknown}
 m - a potion of ambrosia {unknown}
 p - a potion of cancellation {unknown}

Dungeon Overview and Level Annotations

Branches:
Dungeon (3/15)

Altars:

Shops:
D:2 :

Annotations:
D:3 3 runed translucent doors, PRIMUS's ghost, amateur HuMo

.......
#........#.$..
.......
#...##....##..#.)..
.......
.........'...#B...
#......
...##....##..#....
#....).###...
#######..#....
.........##.#
#####..#####
#...####g##.#
#........... . #.##.#
#...........
#.##@#####........###
#.g).....#.......##
##.#.###.#.......#
#......#.#.......#
##.#.#.#.#.......#
#..#+#'#'#.......#
##.........#######
+.........#
#.........#


You could see a gnoll.


Message History

Press: ? - help, Shift-Dir - straight line, f - gnoll
Aim: a gnoll, wielding a +0 spear (72% to hit)
You feel a surge of power!
The stone arrow hits the gnoll!
The gnoll barely misses you. 😎 MP[-3]
You lost 3 mp, and now have 6/9 mp.
Casting: Stone Arrow (quite dangerous; 24% risk of failure)
Confirm with . or Enter, or press ? or * to list all spells.
The spell is quite dangerous to miscast (24% risk of failure)!
Continue anyway?
Aiming: Stone Arrow (quite dangerous; 24% risk of failure)
Press: ? - help, Shift-Dir - straight line, f/p - gnoll
Aim: a gnoll, wielding a +0 spear (severely wounded, 72% to hit)
You feel a surge of power!
You miscast Stone Arrow.
You are very lightly contaminated with residual magic.
Nothing appears to happen.
The gnoll hits you from afar with a +0 halberd.
The gnoll hits you from afar with a +0 spear. 😮 HP[-8] MP[-3]
You take 8 damage, and now have 23/31 hp.
MASSIVE DAMAGE!! (PAUSE)
You lost 3 mp, and now have 3/9 mp.
Casting: Stone Arrow (quite dangerous; 24% risk of failure)
Confirm with . or Enter, or press ? or * to list all spells.
The spell is quite dangerous to miscast (24% risk of failure)!
Continue anyway?
Aiming: Stone Arrow (quite dangerous; 24% risk of failure)
Press: ? - help, Shift-Dir - straight line, f/p - gnoll
Aim: a gnoll, wielding a +0 spear (severely wounded, 72% to hit)
You feel a surge of power!
The stone arrow hits the gnoll!
You kill the gnoll!
The gnoll closely misses you.
The gnoll hits you with a +0 whip of freezing.
The gnoll freezes you.
You have reached level 4! 😮 HP[-3] MP[-3]
You now have 39 max hp (+8).
You lost 3 mp, and now have 0/10 mp.
Casting: Stone Arrow (quite dangerous; 24% risk of failure)
Confirm with . or Enter, or press ? or * to list all spells.
You don't have enough magic to cast this spell.
The gnoll attacks as you move away!
The gnoll closely misses you. 😮 HP[+1] MP[+1]
Your magical contamination has completely faded away.
Casting: Stone Arrow (quite dangerous; 24% risk of failure)
Confirm with . or Enter, or press ? or * to list all spells.
Aiming: Sandblast (safe; 4% risk of failure)
Press: ? - help, Shift-Dir - straight line, f - gnoll
Aim: a gnoll, wielding a +0 whip of freezing (82% to hit)
The blast of sand hits the gnoll!
The gnoll hits you with a +0 whip of freezing.
* * * LOW HITPOINT WARNING * * *
The gnoll freezes you.
* * * LOW HITPOINT WARNING * * *
😨 HP[-3] MP[-1]
You take 3 damage, and now have 18/39 hp.
You lost 1 mp, and now have 0/10 mp.
You aren't carrying any items that you can evoke.
Magic courses through your body.
The gnoll hits you with a +0 whip of freezing.
* * * LOW HITPOINT WARNING * * *
The gnoll freezes you.
* * * LOW HITPOINT WARNING * * *
😨 HP[-3] MP[+10]
You take 3 damage, and now have 15/39 hp.
Your mp is fully restored (10).
Casting: Sandblast (safe; 4% risk of failure)
Confirm with . or Enter, or press ? or * to list all spells.
Aiming: Sandblast (safe; 4% risk of failure)
Press: ? - help, Shift-Dir - straight line, f/p - gnoll
Aim: a gnoll, wielding a +0 whip of freezing (severely wounded, 82% to hit)
Okay, then.
Casting: Sandblast (safe; 4% risk of failure)
Confirm with . or Enter, or press ? or * to list all spells.
The spell is quite dangerous to miscast (24% risk of failure)!
Continue anyway?
Aiming: Stone Arrow (quite dangerous; 24% risk of failure)
Press: ? - help, Shift-Dir - straight line, f - gnoll, p - gnoll
Aim: a gnoll, wielding a +0 halberd (72% to hit)
You feel a surge of power!
The stone arrow hits the gnoll!
You kill the gnoll!
The gnoll barely misses you. 😨 MP[-3]
You lost 3 mp, and now have 7/10 mp.
Casting: Stone Arrow (quite dangerous; 22% risk of failure)
Confirm with . or Enter, or press ? or * to list all spells.
The spell is quite dangerous to miscast (22% risk of failure)!
Continue anyway?
Aiming: Stone Arrow (quite dangerous; 22% risk of failure)
Press: ? - help, Shift-Dir - straight line, p - gnoll You feel a surge of power!
The stone arrow misses the gnoll.
The gnoll hits you from afar with a +0 halberd.
* * * LOW HITPOINT WARNING * * *
😨 HP[-4] MP[-3]
You take 4 damage, and now have 11/39 hp.
You lost 3 mp, and now have 4/10 mp.
Casting: Stone Arrow (quite dangerous; 22% risk of failure)
Confirm with . or Enter, or press ? or * to list all spells.
The spell is quite dangerous to miscast (22% risk of failure)!
Continue anyway?
Aiming: Stone Arrow (quite dangerous; 22% risk of failure)
Press: ? - help, Shift-Dir - straight line You feel a surge of power!
The stone arrow misses the gnoll.
The gnoll hits you from afar with a +0 halberd!
You die...

Skill      XL: |  1  2  3 |
---------------+----------+-----
Spellcasting   | 3 4 |  4.9
Dodging        | |  1.7
Stealth        | |  1.4
Transmutations | |  0.8
Earth Magic    | |  2.6

Action                   |  1- 3 |  4- 6 || total
-------------------------+-------+-------++-------
Melee: Unarmed           |     3 |       ||     3
       Staff             |    30 |       ||    30
 Cast: Sandblast         |    37 |     1 ||    38
       Stone Arrow       |    11 |     3 ||    14
  Use: Potion            |       |     1 ||     1
Armor: Robe              |    16 |       ||    16
Dodge: Dodged            |    30 |     2 ||    32

Levels and vault maps discovered:
D:1:      sevenhm_arrival_forest_fort_large_2, layout_rooms,
          hellmonk_ecumenical_altar_lost_god, chequers_serial_rivers_marsh
D:2:      layout_basic, serial_shops, shop
D:3:      layout_basic, ashenzari_conservatory_becter, gammafunk_ghost_split,
          uniq_crazy_yiuf_cottage

Notes
Turn   | Place    | Note
-------+----------+-------------------------------------------
     0 | D:1      | spaghetti the Ogre Earth Elementalist began the quest for
                  | the Orb.
     0 | D:1      | Reached XP level 1. HP: 16/16 MP: 3/3
     0 | D:1      | magus.rc [v1.9.6]
   109 | D:1      | Found a faded altar of an unknown god.
   225 | D:1      | Reached skill level 3 in Spellcasting
   226 | D:1      | Reached XP level 2. HP: 24/24 MP: 0/6
   871 | D:2      | Reached XP level 3. HP: 31/31 MP: 6/8
   875 | D:2      | Learned a level 3 spell: Stone Arrow
   942 | D:2      | Reached skill level 4 in Spellcasting
  2301 | D:2      | Found Yreog's Book Boutique.
  2423 | D:3      | Found a runed translucent gate.
  2424 | D:3      | Found a runed translucent gate.
  2427 | D:3      | You pick up a book of Vapours and begin reading...
  2427 | D:3      | You add the spells Poisonous Vapours and Corpse Rot to your
                  | library.
  2428 | D:3      | Noticed PRIMUS's ghost (amateur HuMo)
  2430 | D:3      | Found a runed translucent gate.
  2526 | D:3      | Reached XP level 4. HP: 20/39 MP: 0/10
  2536 | D:3      | Slain by a gnoll

Vanquished Creatures
  2 gnolls (D:3)
  2 dart slugs
  2 ball pythons
  4 bats
  7 endoplasms
  2 giant cockroaches
  5 goblins
  2 hobgoblins (D:1)
  4 jackals (D:2)
  2 quokkas
  2 frilled lizards (D:1)
  A kobold (D:2)
  6 rats
41 creatures vanquished.

Table legend:
 A = Non-vault XP
 B = Vault XP
 C = Vault XP percentage of total XP
 D = Non-vault monster count
 E = Vault monster count
 F = Vault count percentage of total count
                 A         B        C        D         E       F
            +---------+---------+-------+---------+---------+-------
      Total |     101 |       0 |   0.0 |      41 |       0 |   0.0
            +---------+---------+-------+---------+---------+-------
        D:1 |      30 |       0 |   0.0 |      16 |       0 |   0.0
        D:2 |      39 |       0 |   0.0 |      21 |       0 |   0.0
        D:3 |      32 |       0 |   0.0 |       4 |       0 |   0.0
            +---------+---------+-------+---------+---------+-------

Illustrated notes

Table legend:
 A = Kills in this place as a percentage of kills in entire the game.
 B = Kills by you in this place as a percentage of kills by you in the entire game.
 C = Kills by friends in this place as a percentage of kills by friends in the entire game.
 D = Other kills in this place as a percentage of other kills in the entire game.
 E = Experience gained in this place as a percentage of experience gained in the entire game.
 F = Experience gained in this place divided by the number of levels of this place that you have seen.
                   A       B       C       D       E      F
               +-------+-------+-------+-------+-------+----------------------
         Total | 100.0 | 100.0 |   N/A |   N/A | 100.0 |  33.7
       Dungeon | 100.0 | 100.0 |   N/A |   N/A | 100.0 |  33.7
               +-------+-------+-------+-------+-------+----------------------

Table legend: (Time is in decaauts)
 A = Elapsed time spent in this place.
 B = Non-inter-level travel time spent in this place.
 C = Inter-level travel time spent in this place.
 D = Time resting spent in this place.
 E = Time spent auto-exploring this place.
 F = Levels seen in this place.
 G = Mean time per level.
                   A        B        C        D        E       F      G
               +--------+--------+--------+--------+--------+-----+--------+
         Total |   2542 |   2444 |     98 |    494 |   1702 |   3 |  847.3 |
       Dungeon |   2542 |   2444 |     98 |    494 |   1702 |   3 |  847.3 |
               +--------+--------+--------+--------+--------+-----+--------+

Top non-repeatable levels by time:
     D:2: 1537 daAuts
     D:1: 852 daAuts
     D:3: 152 daAuts
